 Dungeon Crawl Stone Soup version 0.26-b1-32-g5d43845318 (webtiles) character file.

Game seed: 950898380834850284

394 Arum the Shield-Bearer (level 7, -7/82 HPs)
             Began as a Formicid Fighter on Jan 11, 2021.
             Killed from afar by a death drake (shapeshifter) (17 damage)
             ... with a foul vapour
             ... on level 5 of the Dungeon.
             The game lasted 00:04:23 (3177 turns).

Arum the Shield-Bearer (Formicid Fighter)           Turns: 3177, Time: 00:04:25

Health: -7/82      AC: 23    Str: 21    XL:     7   Next: 9%
Magic:  16/16      EV:  2    Int:  7    God:
Gold:   239        SH: 10    Dex: 12    Spells: 6/6 levels left

rFire    . . .     SeeInvis .   v - +2 quarterstaff (chaos)
rCold    . . .     Faith    .   c - +0 kite shield
rNeg     + + +     Spirit   .   (armour currently unavailable)
rPois    +         Reflect  .   (helmet unavailable)
rElec    .         Harm     .   (cloak currently unavailable)
rCorr    .         Rampage  .   (gloves currently unavailable)
Will     .....                  (boots currently unavailable)
Stlth    +.........             (no amulet)
HPRegen  0.23/turn              h - ring of teleportation (curse)
MPRegen  0.15/turn              r - ring of magical power

@: brilliant, lethally poisoned (-7 -> -35), tree-form (expiring)
A: permanent stasis, dig shafts and tunnels, four strong arms
a: no special abilities


You were on level 5 of the Dungeon.
You were a tree.
You visited 1 branch of the dungeon, and saw 5 of its levels.

You collected 239 gold pieces.

Inventory:

Hand Weapons
 a - a +0 quarterstaff
 v - a +2 quarterstaff of chaos (weapon)
Armour
 b - a +0 scale mail (melded)
 c - a +0 kite shield (worn)
 p - a +0 pair of boots (melded)
 w - a +0 cloak (melded)
Jewellery
 h - a cursed ring of teleportation (left branch)
 r - a ring of magical power (right branch)
Scrolls
 e - a scroll of blinking {unknown}
 f - 3 scrolls of teleportation {unknown}
 g - a scroll of noise {unknown}
 j - 2 scrolls of magic mapping {unknown}
 k - a scroll of remove curse {unknown}
 l - 5 scrolls of identify {unknown}
 n - 2 scrolls of enchant weapon {unknown}
 t - 2 scrolls of fear {unknown}
 x - a scroll of fog {unknown}
Potions
 d - a potion of might
 i - a potion of flight {unknown}
 m - a potion of haste {unknown}
 o - a potion of brilliance
 q - a potion of lignification
 s - 2 potions of heal wounds
 u - 2 potions of ambrosia {unknown}


   Skills:
 + Level 4.9 Fighting
 + Level 3.8 Staves
 + Level 4.9 Armour
 + Level 5.4 Shields


You had 6 spell levels left.
You didn't know any spells.
Your spell library was empty.

Dungeon Overview and Level Annotations

Branches:
Dungeon (5/15)
 Temple: D:4-7

Altars:
Uskayaw

Shops:
D:5 =

Annotations:
D:5 Menkaure


Innate Abilities, Weirdness & Mutations

You cannot be hasted, slowed, berserked, paralysed or teleported.
You can dig through walls and to a lower floor.
Your four strong arms can wield two-handed weapons with a shield.
((You have a pair of large antennae on your head. (SInv)))


Message History

You hit the death drake.
The death drake is severely wounded.
The helpless death drake fails to defend itself.
You hit the death drake but do no damage.
The death drake is severely wounded.
Your transformation is almost over.
You feel sick.
The helpless death drake fails to defend itself.
You sock the death drake!
The death drake suddenly seems more agile.
The death drake is severely wounded.
You feel sick.
The helpless death drake fails to defend itself.
You hit the death drake. You drain the death drake.
The death drake is severely wounded.
You feel sick.
The death drake is no longer petrified.
The death drake breathes miasma at you. The foul vapour engulfs you!
You are lethally poisoned!
You die...

######## #.......# {
...).....
######........#####
........#####....<###...
.........................
..c$....∩....[(.#########
.M.....<.......#.##
........:......♣#°#
...............#k##
...#...........### ..
#....##+##### . ###### {


You could see a death drake shaped shifter (agile, catching breath, drained).

Vanquished Creatures
  An ogre (D:4)
  A centaur skeleton (D:2)
  2 hounds (D:4)
  Crazy Yiuf (D:4)
  An orc wizard (D:3)
  2 worker ants (D:4)
  3 adders
  An ooze (D:1)
  2 worms (D:2)
  2 dart slugs (D:2)
  3 leopard geckos (D:4)
  8 orcs
  3 giant cockroaches
  4 goblins
  7 hobgoblins
  2 quokkas
  7 bats
  4 frilled lizards
  6 kobolds
  A quokka skeleton (D:4)
  8 rats
69 creatures vanquished.

Vanquished Creatures (others)
  A fungus (D:4)
1 creature vanquished.

Grand Total: 70 creatures vanquished

Notes
Turn   | Place    | Note
-------+----------+-------------------------------------------
     0 | D:1      | Arum the Formicid Fighter began the quest for the Orb.
     0 | D:1      | Reached XP level 1. HP: 18/18 MP: 1/1
   479 | D:1      | Reached XP level 2. HP: 24/24 MP: 2/2
   805 | D:2      | Reached skill level 4 in Shields
   805 | D:2      | Reached XP level 3. HP: 30/30 MP: 3/3
   899 | D:2      | Reached XP level 4. HP: 32/37 MP: 4/4
  1718 | D:3      | Reached XP level 5. HP: 37/42 MP: 5/5
  1719 | D:3      | Found a hide-covered altar of Uskayaw.
  2487 | D:4      | Reached XP level 6. HP: 42/49 MP: 6/6
  2554 | D:4      | Reached skill level 5 in Shields
  2761 | D:4      | Found a runed translucent door.
  2762 | D:4      | Noticed Crazy Yiuf
  2769 | D:4      | Killed Crazy Yiuf
  2951 | D:4      | Noticed an ogre
  2959 | D:4      | Killed an ogre
  2960 | D:4      | Reached XP level 7. HP: 55/55 MP: 7/7
  3041 | D:5      | Entered Level 5 of the Dungeon
  3041 | D:5      | Found Wotiusm's Jewellery Shoppe.
  3041 | D:5      | Noticed Menkaure
  3149 | D:5      | Noticed a shapeshifter
  3149 | D:5      | a worm changed into a shapeshifter
  3149 | D:5      | Noticed a merfolk
  3149 | D:5      | a shapeshifter changed into a merfolk
  3155 | D:5      | Noticed a death drake
  3155 | D:5      | a merfolk changed into a death drake
  3177 | D:5      | Killed from afar by a death drake (shapeshifter)

Illustrated notes

Levels and vault maps discovered:
D:1:      erik_arrival_blinker_ship, layout_basic,
          chequers_serial_rivers_micro_d
D:2:      layout_basic
D:3:      layout_loops_ring, eat_drink_and_be_merry_uskayaw
D:4:      layout_rooms, uniq_crazy_yiuf_cottage
D:5:      layout_basic, chequers_temple_overflow_statue_of_worship,
          serial_shops, shop, shop, kennysheep_little_box,
          nicolae_zen_rock_garden, uniq_grinder, uniq_pikel, uniq_menkaure

Skill      XL: |  1  2  3  4  5  6 |
---------------+-------------------+-----
Shields        | 4 5 |  5.4
Armour         | 4 |  4.9
Fighting       | 4 |  4.9
Staves         | 3 |  3.8

Action                   |  1- 3 |  4- 6 |  7- 9 || total
-------------------------+-------+-------+-------++-------
Melee: Quarterstaff      |    33 |   157 |    31 ||   221
 Abil: Dig               |       |       |     2 ||     2
  Use: Potion            |       |       |     2 ||     2
 Stab: Petrified         |       |       |    10 ||    10
       Petrifying        |       |       |     1 ||     1
Armor: Scale mail        |    15 |    63 |     2 ||    80
       Skin              |       |       |     7 ||     7
Dodge: Dodged            |     9 |    49 |     1 ||    59
Block: Kite shield       |    21 |    83 |     7 ||   111
